 Dungeon Crawl Stone Soup version 0.29.1-12-g30fa7ad0bf (webtiles) character file.

Game seed: 879883357677689688

424 mopl the Grave Robber (level 6, 0/28 HPs)
             Began as a Vine Stalker Necromancer on Jan 16, 2023.
             Succumbed to a water moccasin's poison
             ... on level 4 of the Dungeon.
             The game lasted 00:05:50 (3736 turns).

mopl the Grave Robber (Vine Stalker Necromancer)    Turns: 3736, Time: 00:05:50

Health: 0/28       AC:  3    Str: 10    XL:     6   Next: 96%
Magic:  11/11      EV: 12    Int: 17    God:
Gold:   262        SH:  0    Dex: 15    Spells: 7/11 levels left

rFire   . . .      SeeInvis .   a - +0 dagger
rCold   + . .      Faith    .   (no shield)
rNeg    . . .      Spirit   +   e - +0 robe
rPois   .          Reflect  .   (no helmet)
rElec   .          Harm     .   w - scarf {+Inv}
rCorr   .          Rampage  .   o - +0 pair of gloves of Tender Moments {rC+}
Will    .....                   (no boots)
Stlth   +.........              (no amulet)
HPRegen 0.89/turn               (no ring)
MPRegen 0.12/turn               (no ring)

@: confused, lethally poisoned (0 -> -2), ambrosia-drunk
A: fangs 2, regeneration 1, magic shield, antimagic bite, no potion heal 2
a: Evoke Invisibility


You were on level 4 of the Dungeon.
You visited 1 branch of the dungeon, and saw 4 of its levels.

You collected 262 gold pieces.

Inventory:

Hand Weapons
 a - a +0 dagger (weapon)
 q - a +1 hand axe of electrocution
Missiles
 d - 6 curare-tipped darts
 v - 5 poisoned darts
 y - 2 boomerangs
 A - 2 throwing nets
Armour
 e - a +0 robe (worn)
 o - the +0 pair of gloves of Tender Moments (worn) {rC+}
   (You found it on level 2 of the Dungeon)

   rC:        It protects you from cold.
 w - a scarf of invisibility (worn)
Magical Staves
 p - a staff of cold
Jewellery
 B - a ring of ice
Scrolls
 c - 2 scrolls of enchant weapon {unknown}
 f - 2 scrolls of poison {unknown}
 j - a scroll of butterflies {unknown}
 k - a scroll of magic mapping {unknown}
 l - a scroll of noise {unknown}
 n - a scroll of immolation {unknown}
 r - a scroll of vulnerability {unknown}
 s - a scroll of identify {unknown}
 t - a scroll of teleportation {unknown}
 x - a scroll of torment {unknown}
 z - 2 scrolls of blinking {unknown}
Potions
 b - a potion of magic
 g - a potion of cancellation {unknown}
 h - a potion of heal wounds {unknown}
 i - a potion of ambrosia
 m - a potion of attraction {unknown}
 u - a potion of flight {unknown}


   Skills:
 + Level 3.1 Short Blades
 - Level 1.5 Dodging
 + Level 5.4 Stealth
 - Level 3.0 Spellcasting
 + Level 5.4 Necromancy
 + Level 1.0 Evocations


You had 7 spell levels left.
You knew the following spells:

 Your Spells              Type           Power      Damage    Failure   Level
a - Necrotise             Necr           84%        1d8       1%          1
b - Vampiric Draining     Necr           21%        2d7       5%          3

Your spell library contained the following spells:

 Spells                   Type           Power      Damage    Failure   Level
 Sting                    Tmut/Pois      8%         1d3       17%         1
 Animate Dead             Necr           21%        N/A       19%         4
 Poisonous Vapours        Pois/Air       4%         N/A       26%         2
 Static Discharge         Conj/Air       2%         3-4/arc   26%         2
 Ozocubu's Armour         Ice            2%         N/A       45%         3
 Agony                    Necr           21%        N/A       45%         5
 Airstrike                Air            1%         2d(1-17)  86%         4
 Olgreb's Toxic Radiance  Pois           2%         N/A       86%         4
 Summon Lightning Spire   Summ/Air       2%         N/A       86%         4
 Lightning Bolt           Conj/Air       1%         1d12      99%         5
 Summon Forest            Summ/Tloc      1%         N/A       99%         5
 Summon Mana Viper        Hex/Summ       2%         N/A       99%         5
 Summon Cactus Giant      Summ           1%         N/A       100%        6
 Ozocubu's Refrigeration  Ice            1%         4d7       100%        7
 Maxwell's Capacitive Co  Air            1%         ∞         100%        8


Dungeon Overview and Level Annotations

Branches:
Dungeon (4/15)
 Temple: D:4-7

Altars:
Nemelex Xobeh
Qazlal
Xom


Innate Abilities, Weirdness & Mutations

You have extremely sharp teeth.
Your natural rate of healing is unusually fast.
When hurt, damage is shared between your health and your magic reserves.
Your bite disrupts and absorbs the magic of your enemies.
Potions cannot restore your health.


Message History

You are too injured to fight recklessly!
You are too injured to fight recklessly!
Casting: Necrotise (safe; 1% risk of failure)
Confirm with . or Enter, or press ? or * to list all spells.
The spell is quite dangerous to miscast (5% risk of failure)!
Continue anyway?
Okay, then.
Unknown command.
Casting: Vampiric Draining (quite dangerous; 5% risk of failure)
Confirm with . or Enter, or press ? or * to list all spells.
The spell is quite dangerous to miscast (5% risk of failure)!
Continue anyway?
Aiming: Vampiric Draining (quite dangerous; 5% risk of failure)
Press: ? - help, Shift-Dir - straight line, f/p - water moccasin
Aim: a water moccasin (heavily wounded)
You draw life force from the water moccasin!
You feel life coursing into your body.
* * * LOW HITPOINT WARNING * * *
You feel very sick. The water moccasin closely misses you.
There is a lethal amount of poison in your body!
You aren't carrying any items that you can evoke.
It was a potion of ambrosia.
You are confused.
Your system rejects the healing.
You feel invigorated.
* * * LOW HITPOINT WARNING * * *
You feel very sick.
The water moccasin bites you but does no damage.
The water moccasin barely misses you.
You hit the water moccasin. Your bite misses the water moccasin.
The water moccasin is almost dead.
* * * LOW HITPOINT WARNING * * *
You feel sick.
The water moccasin completely misses you.
You miss the water moccasin. Your bite misses the water moccasin.
The water moccasin is almost dead.
* * * LOW HITPOINT WARNING * * *
You feel sick. The water moccasin closely misses you.
You bump into the rock wall.
* * * LOW HITPOINT WARNING * * *
You feel sick. The water moccasin closely misses you.
You die...

########.............###........#
#........####.............
#........# #####........#
#........#### #........#
########....# ............
#.##+###........... .
#.#.§§##.#.###.##.. ...
##.....###.# #....#
.....###@≈.§..#..#####...
......S...§.§.+.....#.... ##.
.......#..≈.≈..##......##.
#.....##.#.####......##.....####.
#.....##.#.##..##...##......# ##.
#.....##.#.##...##'##.......###..
...........#...............##...
.....#.....#..>.................
###.....##.#....................


You could see a water moccasin.

Vanquished Creatures
  An ice beast (D:4)
  A jelly (D:4)
  2 hounds (D:4)
  2 orc wizards (D:4)
  5 gnolls
  5 adders
  A worm (D:3)
  4 dart slugs
  18 orcs
  4 ball pythons
  4 endoplasms
  3 giant cockroaches
  4 hobgoblins
  3 jackals (D:1)
  4 quokkas
  5 bats
  3 frilled lizards (D:2)
  3 goblins
  4 kobolds
  6 rats
82 creatures vanquished.

Vanquished Creatures (collateral kills)
  An endoplasm (D:3)
  A frilled lizard (D:2)
2 creatures vanquished.

Grand Total: 84 creatures vanquished

Notes
Turn   | Place    | Note
-------+----------+-------------------------------------------
     0 | D:1      | mopl the Vine Stalker Necromancer began the quest for the
                  | Orb.
     0 | D:1      | Reached XP level 1. HP: 9/9 MP: 4/4
   185 | D:1      | Reached XP level 2. HP: 13/13 MP: 3/6
   308 | D:1      | Found a faded altar of an unknown god.
   665 | D:2      | Reached skill level 3 in Stealth
   665 | D:2      | Reached XP level 3. HP: 10/16 MP: 0/7
   873 | D:2      | Reached skill level 1 in Short Blades
  1120 | D:2      | Found a stormy altar of Qazlal.
  1155 | D:2      | Identified the +0 pair of gloves of Tender Moments {rC+}
  1730 | D:1      | Prayed at the altar of an unknown god.
  1730 | D:1      | Became a worshipper of Xom of Chaos
  1731 | D:1      | Fell from the grace of Xom
  1771 | D:3      | Learned a level 3 spell: Vampiric Draining
  1786 | D:3      | Gained mutation: Your natural rate of healing is unusually
                  | fast. [Vine Stalker growth]
  1786 | D:3      | Reached XP level 4. HP: 21/21 MP: 0/9
  1874 | D:2      | Reached skill level 3 in Spellcasting
  2071 | D:3      | XOM: noise
  2473 | D:3      | Reached skill level 4 in Stealth
  2473 | D:3      | Reached XP level 5. HP: 24/24 MP: 2/10
  2492 | D:3      | Reached skill level 2 in Short Blades
  2862 | D:4      | Noticed an ice beast
  3027 | D:3      | XOM: summons 4 hostile demons
  3028 | D:3      | Noticed a chaos spawn
  3044 | D:4      | Reached skill level 5 in Necromancy
  3167 | D:4      | Killed an ice beast
  3168 | D:4      | Reached skill level 5 in Stealth
  3168 | D:4      | Reached XP level 6. HP: 28/28 MP: 1/11
  3514 | D:4      | Reached skill level 3 in Short Blades
  3577 | D:4      | Found a sparkling altar of Nemelex Xobeh.
  3590 | D:4      | Reached skill level 1 in Evocations
  3726 | D:4      | Noticed a water moccasin
  3734 | D:4      | HP: 1/28 [poisoned by a water moccasin]
  3736 | D:4      | Succumbed to a water moccasin's poison

Illustrated notes

Levels and vault maps discovered:
D:1:      dpeg_arrival_boxorama, layout_basic, basic_ecumenical_altar
D:2:      layout_basic, basic_altar
D:3:      layout_basic
D:4:      layout_rooms, serial_shops, nicolae_take_the_stairs,
          kennysheep_small_circle

Skill      XL: |  1  2  3  4  5  6 |
---------------+-------------------+-----
Stealth        | 3 4 5 |  5.4
Short Blades   | 1 2 3 |  3.1
Spellcasting   | 3 |  3.0
Necromancy     | 5 |  5.4
Evocations     | 1 |  1.0
Dodging        | |  1.5

Action                   |  1- 3 |  4- 6 || total
-------------------------+-------+-------++-------
Melee: Dagger            |     7 |    28 ||    35
       Bite              |     2 |     6 ||     8
       Punch             |     1 |       ||     1
       Hand axe          |       |     1 ||     1
 Cast: Necrotise         |    53 |   132 ||   185
       Vampiric Draining |       |     1 ||     1
Invok: Renounce Religion |     1 |       ||     1
  Use: Potion            |       |     1 ||     1
 Stab: Sleeping          |       |     2 ||     2
Armor: Robe              |     9 |    28 ||    37
Dodge: Dodged            |    16 |    69 ||    85
